Map: Acropolis LE

Players

Cheater 1 (Insane)

  • Race: Protoss Protoss
  • Spawn Location: 5:00

Cheater 2 (Insane) - Winner!

  • Race: Zerg Zerg
  • Spawn Location: 11:00

VOD

Have the link to the VOD?

Description

Time

  • Played on: Oct. 10, 2019, 1:17 a.m.
  • Length: 8:31
Show
View Real Time Build Order
Export as new Build Order

Cheater 1 (Insane) Protoss 

Build Orders: 1 Gate Expand 

Get SALT Encoding   

  12  0:01  Probe  
  13  0:13  Probe  
  14  0:19  Pylon  
  14  0:25  Probe  
  15  0:33  Probe  
  15  0:41  Probe  
  16  0:47  Gateway  
  17  0:51  Probe  
  18  0:59  Probe  
  19  1:07  Nexus  
  19  1:08  Probe  
  19  1:18  Probe  
  20  1:24  Pylon  
  21  1:34  Assimilator  
  21  1:35  Zealot  
  21  1:39  Cybernetics Core  
  23  1:42  Probe  
  24  1:54  Probe  
  24  1:59  Pylon  
  25  2:03  Probe  
  26  2:09  Gateway  
  26  2:10  Assimilator  
  26  2:11  Probe  
  27  2:16  Warp Gate  
  27  2:18  Probe  
  27  2:19  Probe  
  28  2:24  Pylon  
  28  2:27  Probe  
  28  2:28  Stalker  
  31  2:30  Probe  
  33  2:39  Probe  
  33  2:43  Probe  
  35  2:51  Probe  
  35  2:52  Adept  
  35  2:55  Probe, Adept, Robotics Facility  
  41  3:03  Probe  
  42  3:07  Probe  
  43  3:13  Gateway  
  43  3:15  Probe  
  43  3:16  Probe  
  43  3:18  Adept  
  45  3:24  Probe  
  45  3:25  Pylon, Adept  
  49  3:27  Probe  
  49  3:33  Probe  
  51  3:36  Pylon  
  51  3:39  Probe  
  53  3:42  Observer  
  53  3:43  Pylon  
  53  3:45  Probe, Robotics Bay  
  53  3:48  Adept  
  57  3:52  Probe  
  57  3:55  Stalker  
  58  3:57  Probe  
  58  3:58  Immortal  
  54  4:03  Gateway, Probe  
  54  4:06  Stalker  
  54  4:09  Probe  
  39  4:25  Zealot  
  39  4:29  Stalker  
  40  4:33  Zealot  
  32  4:45  Stalker  
  34  4:53  Zealot x2  
  34  4:58  Zealot  
  23  5:07  Probe x2  
  23  5:08  Zealot  
  23  5:13  Zealot  
  23  5:14  Zealot  
  28  5:18  Zealot  
  28  5:19  Probe  
  22  5:28  Stalker  
  22  5:32  Zealot  
  24  5:45  Zealot  
  22  6:14  Zealot  
  22  6:56  Nexus  
  22  7:02  Pylon  
  18  7:42  Pylon  
Show
View Real Time Build Order
Export as new Build Order

Cheater 2 (Insane) Zerg - Winner!

Build Orders: Pool First 

Get SALT Encoding   

  12  0:00  Drone  
  13  0:11  Overlord  
  13  0:16  Drone  
  14  0:29  Drone  
  14  0:34  Spawning Pool  
  14  0:35  Drone  
  15  0:39  Drone  
  16  0:43  Drone  
  16  0:45  Extractor  
  16  0:54  Drone  
  17  1:05  Drone  
  18  1:15  Drone  
  19  1:22  Hatchery  
  19  1:23  Queen  
  20  1:34  Roach Warren  
  20  1:36  Drone  
  20  1:39  Drone  
  21  1:48  Zergling x2  
  22  1:58  Overlord  
  22  2:09  Overlord  
  22  2:20  Roach  
  24  2:30  Roach x3  
  24  2:31  Overlord  
  24  2:34  Roach  
  32  2:42  Roach  
  34  2:44  Roach  
  36  2:53  Roach  
  36  2:55  Overlord  
  38  3:02  Roach x3  
  38  3:04  Roach  
  46  3:06  Roach  
  48  3:15  Drone  
  48  3:16  Overlord  
  49  3:23  Queen  
  49  3:26  Drone  
  52  3:27  Drone  
  52  3:34  Drone x2, Roach  
  57  3:36  Extractor  
  57  3:37  Zergling x2, Extractor  
  57  3:38  Lair  
  57  3:39  Roach  
  58  3:48  Drone  
  59  3:49  Extractor  
  59  3:50  Drone  
  59  3:59  Overlord, Zergling x2  
  57  4:05  Drone  
  57  4:06  Drone x2  
  60  4:10  Drone  
  60  4:11  Drone  
  60  4:21  Drone x2  
  60  4:22  Evolution Chamber  
  61  4:31  Drone  
  61  4:32  Drone  
  61  4:34  Drone  
  61  4:36  Drone  
  61  4:38  Hydralisk Den  
  64  4:39  Drone  
  64  4:42  Drone  
  64  4:45  Drone  
  65  4:48  Zerg Ground Armor Level 1  
  65  4:52  Evolution Chamber  
  64  4:53  Drone  
  64  4:55  Drone  
  66  5:02  Overlord, Drone  
  66  5:03  Infestation Pit  
  66  5:05  Zergling x2  
  66  5:06  Hydralisk  
  66  5:10  Hydralisk  
  66  5:13  Hydralisk  
  72  5:18  Zerg Missile Weapons Level 1  
  72  5:19  Hydralisk  
  72  5:20  Drone  
  75  5:21  Overlord  
  75  5:24  Zergling x2  
  75  5:28  Drone  
  76  5:31  Drone, Hydralisk  
  76  5:32  Drone  
  80  5:39  Drone, Hydralisk  
  80  5:40  Overlord, Drone  
  85  5:42  Drone  
  85  5:48  Glial Reconstitution  
  85  5:49  Pneumatized Carapace  
  85  5:50  Drone  
  85  5:53  Drone  
  85  5:54  Burrow  
  85  5:59  Infestor, Spine Crawler  
  85  6:00  Hatchery  
  85  6:01  Overseer  
  85  6:02  Drone  
  85  6:03  Drone  
  87  6:04  Drone  
  87  6:06  Overlord  
  87  6:07  Drone  
  87  6:09  Drone x2  
  91  6:13  Drone  
  91  6:18  Drone  
  93  6:22  Spine Crawler  
  93  6:24  Drone  
  93  6:27  Lurker Den  
  93  6:28  Overlord, Drone, Roach, Hydralisk  
  97  6:35  Overseer, Hydralisk  
  97  6:36  Infestor  
  97  6:37  Drone  
  102  6:43  Evolution Chamber  
  102  6:44  Drone  
  102  6:47  Overlord  
  102  6:48  Hydralisk  
  102  6:50  Hydralisk  
  106  6:54  Overseer  
  106  6:56  Hydralisk  
  106  6:57  Hydralisk  
  106  6:59  Ravager  
  106  7:00  Spore Crawler  
  106  7:01  Drone  
  111  7:02  Spore Crawler  
  111  7:05  Hive, Drone, Spine Crawler  
  111  7:06  Roach  
  112  7:09  Overlord  
  112  7:12  Drone x2  
  112  7:13  Drone x2  
  116  7:17  Drone  
  116  7:19  Queen  
  116  7:20  Drone  
  116  7:22  Drone  
  121  7:25  Drone  
  121  7:26  Drone x2  
  121  7:27  Drone  
  125  7:31  Overlord  
  125  7:32  Queen  
  125  7:33  Spire, Drone  
  127  7:38  Drone  
  127  7:39  Hatchery  
  127  7:40  Drone  
  127  7:41  Drone  
  127  7:42  Drone  
  127  7:43  Drone  
  127  7:44  Drone  
  132  7:48  Spine Crawler  
  132  7:50  Overlord  
  131  7:53  Roach  
  131  7:54  Infestor, Drone, Hydralisk  
  131  7:55  Roach  
  131  7:57  Baneling Nest  
  139  8:01  Zergling x2  
  139  8:05  Drone x2  
  142  8:10  Extractor  
  142  8:12  Overlord, Drone x2  
  143  8:13  Drone  
  143  8:14  Extractor  
  143  8:15  Drone  
  143  8:16  Drone  
  145  8:22  Ravager  
  145  8:24  Spine Crawler  
Tags
 
Add a new tag
Caveats
  • Supply blocks, unpowered buildings, or Contaminate may cause inaccurate times.
  • Supply counts are checked every 10 seconds.